 Dungeon Crawl Stone Soup version 0.29-a0-266-gf56f883ddd (webtiles) character file.

Game seed: 13297301749245737558

11 Zonian the Chiller (level 2, -1/19 HPs)
             Began as a Demonspawn Ice Elementalist on Mar 6, 2022.
             Slain by a hobgoblin (2 damage)
             ... on level 1 of the Dungeon.
             The game lasted 00:01:23 (1562 turns).

Zonian the Chiller (Demonspawn Ice Elementalist)    Turns: 1562, Time: 00:01:23

Health: -1/19      AC:  2    Str:  8    XL:     2   Next: 17%
Magic:  4/5        EV: 12    Int: 16    God:
Gold:   61         SH:  0    Dex: 13    Spells: 4/5 levels left

rFire   . . .      SeeInvis .   i - +0 rapier
rCold   . . .      Faith    .   (no shield)
rNeg    . . .      Spirit   .   a - +0 robe
rPois   +          Reflect  .   (no helmet)
rElec   .          Harm     .   (no cloak)
rCorr   .          Rampage  .   (no gloves)
Will    +....                   (no boots)
Stlth   ++........              (no amulet)
HPRegen 0.06/turn               c - ring of poison resistance
MPRegen 0.09/turn               g - ring of willpower

@: hasted, very quick
A: demonic touch 1
a: no special abilities


You were on level 1 of the Dungeon.
You visited 1 branch of the dungeon, and saw 1 of its levels.

You collected 61 gold pieces.

Inventory:

Hand Weapons
 i - a +0 rapier (weapon)
Armour
 a - a +0 robe (worn)
Jewellery
 c - a ring of poison resistance (left hand)
 g - a ring of willpower (right hand)
Scrolls
 d - a scroll of identify {unknown}
 f - a scroll of holy word {unknown}
 h - a scroll of teleportation {unknown}
Potions
 b - a potion of magic


   Skills:
 + Level 2.0 Dodging
 + Level 2.0 Stealth
 + Level 2.1 Spellcasting
 + Level 3.7 Ice Magic


You had 4 spell levels left.
You knew the following spells:

 Your Spells              Type           Power      Damage    Failure   Level
a - Freeze                Ice            52%        1d7       4%          1

Your spell library contained the following spells:

 Spells                   Type           Power      Damage    Failure   Level
 Frozen Ramparts          Ice            26%        1d4       13%         3
 Ozocubu's Armour         Ice            13%        N/A       13%         3
 Hailstorm                Conj/Ice       7%         3d4       67%         4
 Animate Dead             Necr           0%         N/A       90%         4
 Borgnjor's Vile Clutch   Necr/Erth      0%         N/A       99%         5
 Death Channel            Necr           0%         N/A       100%        6


Dungeon Overview and Level Annotations

Branches:
Dungeon (1/15)

Altars:


Innate Abilities, Weirdness & Mutations

Your touch may inflict minor irresistible damage on your foes.


Message History

Your hands begin to faintly glow with unholy energy.
You puncture the kobold!
You kill the kobold!
You see here a +0 whip.
Unknown command.
You start resting.
Magic restored.
You start resting.
HP restored.
You start waiting.
Done waiting.
Unknown command.
A hobgoblin, a giant cockroach and an endoplasm come into view.
Found 12 gold pieces.
There are monsters nearby!
Unknown command.
A kobold and a quokka come into view.
The kobold shouts!
The hobgoblin shouts!
The hobgoblin hits you.
You hit the hobgoblin.
The hobgoblin is moderately wounded.
The hobgoblin hits you. The hobgoblin barely misses you.
The kobold hits you with a +0 short sword.
Unknown command.
The kobold hits you with a +0 short sword.
The hobgoblin attacks as you move away! The hobgoblin hits you.
* * * LOW HITPOINT WARNING * * *
The quokka barely misses you.
Casting: Freeze (safe; 4% risk of failure)
Confirm with . or Enter, or press ? or * to list all spells.
Aiming: Freeze (safe; 4% risk of failure)
Press: ? - help, Shift-Dir - straight line, f - kobold
Aim: a kobold, wielding a +0 short sword You freeze the kobold.
You kill the kobold!
The quokka bites you.
* * * LOW HITPOINT WARNING * * *
It was a potion of haste.
You feel yourself speed up. The quokka barely misses you.
The hobgoblin hits you.
You die...

####..............###'###........
)................................
##...............................
....###...........###############
....# ##.........## # ....#
#.........# # ....# #.........# #
....####.........###### #
##..............@#....#
#.#############gr..# #.#
#...#....# #.# #.##J##..# #.# #..
$.# .# #.# #. ..# # #.# #. #.#
#.# . ## #.# ##


You could see an endoplasm, a quokka and a hobgoblin.

Vanquished Creatures
  A ball python (D:1)
  An endoplasm (D:1)
  A hobgoblin (D:1)
  4 kobolds (D:1)
  A quokka (D:1)
  2 rats (D:1)
10 creatures vanquished.

Notes
Turn   | Place    | Note
-------+----------+-------------------------------------------
     0 | D:1      | Zonian the Demonspawn Ice Elementalist began the quest for
                  | the Orb.
     0 | D:1      | Reached XP level 1. HP: 13/13 MP: 3/3
  1359 | D:1      | Gained mutation: Your touch may inflict minor irresistible
                  | damage on your foes. [demonic ancestry]
  1359 | D:1      | Reached XP level 2. HP: 15/19 MP: 3/5
  1562 | D:1      | Slain by a hobgoblin

Illustrated notes

Levels and vault maps discovered:
D:1:      nicolae_arrival_somewhat_less_tricky_arrival, layout_basic,
          minmay_distorted

Skill      XL: |  1 |
---------------+----+-----
Stealth        | 2 |  2.0
Dodging        | 2 |  2.0
Spellcasting   | |  2.1
Ice Magic      | |  3.7

Action                   || total
-------------------------++-------
Melee: Unarmed           ||     9
       Rapier            ||     8
 Cast: Freeze            ||    11
  Use: Potion            ||     1
Armor: Robe              ||     7
Dodge: Dodged            ||    18

Table legend: (Time is in decaauts)
 A = Elapsed time spent in this place.
 B = Non-inter-level travel time spent in this place.
 C = Inter-level travel time spent in this place.
 D = Time resting spent in this place.
 E = Time spent auto-exploring this place.
 F = Levels seen in this place.
 G = Mean time per level.
                   A        B        C        D        E       F      G
               +--------+--------+--------+--------+--------+-----+--------+
         Total |   1562 |   1562 |      0 |    792 |    644 |   1 | 1562.0 |
       Dungeon |   1562 |   1562 |      0 |    792 |    644 |   1 | 1562.0 |
               +--------+--------+--------+--------+--------+-----+--------+

Top non-repeatable levels by time:
     D:1: 1562 daAuts
